 Dungeon Crawl Stone Soup version 0.16-a0-4113-g7d8e295 (webtiles) character file.

1481 McCoppin the Slasher (level 8, 0/37 HPs)
             Began as a Spriggan Gladiator on Feb 28, 2015.
             Was an Initiate of Gozag.
             Slain by a wight
             ... wielding a cursed +2 morningstar of freezing
              (4 damage)
             ... on level 7 of the Dungeon.
             The game lasted 00:25:34 (8911 turns).

McCoppin the Slasher (Spriggan Gladiator)           Turns: 8911, Time: 00:25:48

Health: 0/37       AC:  8    Str: 14    XL:     8   Next: 50%
Magic:  16/16      EV: 21    Int:  9    God:    Gozag
Gold:   385        SH:  0    Dex: 23    Spells: 0 memorised, 7 levels left

rFire  . . .     SeeInvis +     s - +1 short sword (protect)
rCold  . . .     Clarity  .     b - +0 animal skin
rNeg   . . .     SustAb   .     (shield restricted)
rPois  .         Gourm    .     c - +0 hat
rElec  .         Spirit   .     A - +0 cloak
rCorr  .         Warding  .     (gloves unavailable)
rMut   +         Stasis   .     (boots unavailable)
MR     +....                    j - amulet of resist mutation
Stlth  ++........               m - +3 ring of strength
                                l - +4 ring of dexterity

@: very quick, somewhat resistant to hostile enchantments, unstealthy
A: unfitting armour, see invisible, herbivore 3, speed 3, slow metabolism 2
a: Potion Petition, Call Merchant, Bribe Branch, Renounce Religion


You were on level 7 of the Dungeon.
You worshipped Gozag.
Gozag was noncommittal.
You were not hungry.

You visited 2 branches of the dungeon, and saw 8 of its levels.

You collected 480 gold pieces.
You paid 95 gold pieces to Gozag.

Inventory:

Hand weapons
 a - a +0 rapier
 e - a +0 falchion
 g - a +0 dagger
 s - a +1 short sword of protection (weapon)
 y - a +0 dagger
Missiles
 C - 13 poisoned needles
Armour
 b - a +0 animal skin (worn)
 c - a +0 hat (worn)
 A - a +0 cloak (worn)
Jewellery
 i - an uncursed ring of wizardry
 j - an amulet of resist mutation (around neck)
 l - a +4 ring of dexterity (left hand)
 m - a +3 ring of strength (right hand)
 r - an uncursed amulet of stasis
Magical devices
 k - a wand of slowing (16)
 o - a wand of slowing (41)
 t - a wand of fire (3)
 w - a wand of digging (15)
Scrolls
 h - 3 scrolls of teleportation
 n - 2 scrolls of remove curse {unknown}
 x - a scroll of identify
 B - a scroll of random uselessness {unknown}
Potions
 q - 2 potions of heal wounds
 u - a potion of restore abilities
 v - a potion of might
 z - a potion of curing
 D - a potion of ambrosia {unknown}
 E - a potion of flight {unknown}
Books
 p - a book of Conjurations

   Spells                             Type                      Level
   a - Magic Dart                     Conjuration                  1
   b - Searing Ray                    Conjuration                  2
   c - Dazzling Spray                 Conjuration/Hexes            3
   d - Fulminant Prism                Conjuration/Hexes            4
   e - Iskenderun's Mystic Blast      Conjuration                  4
   f - Iskenderun's Battlesphere      Conjuration/Charms           5
Comestibles
 f - 4 bread rations


   Skills:
 - Level 1.5 Fighting
 - Level 6.4(9.1) Short Blades
 + Level 7.8(8.4) Long Blades
 - Level 2.1 Throwing
 - Level 4.4 Dodging


You had 7 spell levels left.
You didn't know any spells.

Dungeon Overview and Level Annotations

Branches:
Dungeon (7/15)             Temple (1/1) D:4

Altars:
Ashenzari
Cheibriados
Dithmenos
Elyvilon
Fedhas
Gozag
Makhleb
Nemelex Xobeh
Okawaru
Qazlal
Ru
Sif Muna
Trog
Vehumet
Xom
Yredelemnul
Zin


Innate Abilities, Weirdness & Mutations

You are tiny and cannot use many weapons and most armour.
You have supernaturally acute eyesight.
You are a herbivore.
You cover ground extremely quickly.
You need consume almost no food.


Message History

You barely miss the wight.
The wight is lightly damaged.
The wight barely misses you.
You hit the wight.
The wight is moderately damaged.
You hit the wight.
The wight is heavily damaged.
The wight completely misses you.
You barely miss the wight.
The wight is heavily damaged.
The wight closely misses you.
You closely miss the wight.
The wight is heavily damaged.
You puncture the wight!
The wight is almost destroyed.
The wight hits you with a morningstar of freezing!
* * * LOW HITPOINT WARNING * * *
The wight freezes you.
You die...
Your body crumbles into a pile of gold.

$..## #...... #..#
#......# ..
#..####........ ...
#..#............$ ....
##..##.......... ....
####......#........
....###.....).............
.........###.....z........
.......###......@#....z...
......## ##.##.<##.......
.......###.#...##..#.....
.............#.. .##...#.
....#........#..#.# .##
....#...##..####..###.#
....#...###.# ....#.... ..
... #...# #.## #.......
...# ##.....#
#..###......### .#. ...


You could see a wight.

Vanquished Creatures
  Grinder (D:4)
  A sky beast (D:5)
  A black bear (D:5)
  An ice beast (D:6)
  2 centaurs
  2 giant frogs (D:6)
  A scorpion (D:6)
  3 wights (D:7)
  3 crimson imps (D:5)
  A hound (D:6)
  3 iguanas
  A jelly (D:5)
  3 worker ants
  Natasha (thrice) (D:4)
  A hound skeleton (D:6)
  3 gnolls (D:2)
  5 adders
  2 giant mites
  A shadow imp (D:6)
  An adder skeleton (D:5)
  3 giant geckos
  An ooze (D:1)
  8 orcs
  16 bats
  4 bat skeletons
  A bat zombie (D:5)
  7 giant cockroaches
  14 goblins
  9 hobgoblins
  11 kobolds
  A ball python (D:1)
  A ball python skeleton (D:4)
  A giant cockroach zombie (D:5)
  3 giant newts
  A quokka (D:2)
  A quokka zombie (D:6)
  6 rats
127 creatures vanquished.

Notes
Turn   | Place    | Note
--------------------------------------------------------------
     0 | D:1      | McCoppin, the Spriggan Gladiator, began the quest for the Orb.
     0 | D:1      | Reached XP level 1. HP: 10/10 MP: 2/2
   282 | D:1      | Reached XP level 2. HP: 11/14 MP: 4/4
  1577 | D:2      | Reached XP level 3. HP: 7/18 MP: 6/6
  2141 | D:2      | Reached skill level 5 in Short Blades
  2476 | D:2      | Reached XP level 4. HP: 22/22 MP: 8/8
  2515 | D:2      | Noticed a centaur
  3596 | D:4      | Reached skill level 6 in Short Blades
  3627 | D:4      | Found a shattered altar of Ashenzari.
  3633 | D:4      | Noticed an ogre
  3917 | D:4      | Reached XP level 5. HP: 12/25 MP: 10/10
  4165 | D:4      | Noticed Natasha
  4173 | D:4      | Killed Natasha
  4173 | D:4      | Reached skill level 1 in Long Blades
  4585 | D:4      | Found a staircase to the Ecumenical Temple.
  4591 | Temple   | Entered the Ecumenical Temple
  4660 | Temple   | Became a worshipper of Gozag Ym Sagoz the Greedy
  4736 | D:4      | Noticed Natasha
  4775 | D:4      | Killed Natasha
  5397 | D:4      | Noticed Natasha
  5441 | D:4      | Killed Natasha
  5523 | D:4      | Noticed Grinder
  5567 | D:4      | Paralysed by Grinder for 2 turns
  5582 | D:4      | Killed Grinder
  5582 | D:4      | Reached XP level 6. HP: 4/30 MP: 12/12
  5975 | D:5      | Entered Level 5 of the Dungeon
  6022 | D:5      | Reached XP level 7. HP: 23/33 MP: 14/14
  6332 | D:5      | Reached skill level 5 in Long Blades
  7539 | D:6      | Reached XP level 8. HP: 16/37 MP: 16/16
  7991 | D:6      | Reached skill level 7 in Long Blades
  8911 | D:7      | Slain by a wight

Action                   |  1- 3 |  4- 6 |  7- 9 || total
-------------------------+-------+-------+-------++-------
Melee: Rapier            |   159 |    29 |       ||   188
       Short sword       |       |   173 |   329 ||   502
Throw: Throwing net      |       |     8 |     4 ||    12
Evoke: Wand              |       |     2 |       ||     2
  Use: Scroll            |       |     9 |       ||     9
       Potion            |       |     2 |       ||     2
 Stab: Sleeping          |     2 |     1 |    11 ||    14
       Held in net/web   |       |     3 |     2 ||     5
  Eat: Bread ration      |       |     1 |       ||     1
